 Dungeon Crawl Stone Soup version 0.26.0-45-g9c1d065592 (webtiles) character file.

Game seed: 16269260609775721742

(classic levelgen) 173 thiole the Stinger (level 5, -2/31 HPs)
             Began as an Octopode Venom Mage on Jan 30, 2021.
             Slain by an ice beast (7 damage)
             ... on level 3 of the Dungeon.
             The game lasted 00:05:12 (3883 turns).

thiole the Stinger (Octopode Venom Mage)            Turns: 3883, Time: 00:05:13

Health: -2/31      AC:  1    Str:  8    XL:     5   Next: 53%
Magic:  9/9        EV: 13    Int: 18    God:
Gold:   176        SH:  0    Dex: 12    Spells: 9/10 levels left

rFire    . . .     SeeInvis .   f - +0 hunting sling (curse)
rCold    . . .     Faith    .   (no shield)
rNeg     . . .     Spirit   .   (helmet restricted)
rPois    .         Reflect  .   (no amulet)
rElec    .         Harm     .   b - ring of flight
rCorr    .         Rampage  .   (no ring)
Will     .....                  (no ring)
Stlth    +++.......             (no ring)
HPRegen  0.10/turn              (no ring)
MPRegen  0.11/turn              (no ring)
                                (no ring)
                                (no ring)

@: no status effects
A: almost no armour, stealthy swim, amphibious, 8 rings, constrict 8, camouflage
1, gelatinous body 1
a: Evoke Flight


You were on level 3 of the Dungeon.
You visited 1 branch of the dungeon, and saw 3 of its levels.

You collected 176 gold pieces.

Inventory:

Hand Weapons
 f - a cursed +0 hunting sling (weapon)
Missiles
 g - 51 stones (quivered ammo)
Armour
 h - a +0 kite shield
Jewellery
 b - a ring of flight (left tentacle)
Scrolls
 e - a scroll of remove curse {unknown}
 i - a scroll of random uselessness {unknown}
 j - 4 scrolls of identify {unknown}
 k - a scroll of teleportation {unknown}
 n - 2 scrolls of amnesia
 o - a scroll of enchant weapon {unknown}
 q - a scroll of fear {unknown}
Potions
 a - a potion of curing {unknown}
 c - a potion of degeneration {unknown}
 d - a potion of attraction {unknown}
 l - a potion of heal wounds {unknown}
 p - a potion of might {unknown}


   Skills:
 - Level 2.0 Dodging
 - Level 2.6 Stealth
 + Level 2.1 Shields
 + Level 3.2 Spellcasting
 - Level 2.0 Transmutations
 - Level 2.0 Fire Magic
 + Level 1.3 Air Magic
 - Level 4.0 Poison Magic


You had 9 spell levels left.
You knew the following spells:

 Your Spells              Type           Power        Failure   Level
a - Sting                 Tmut/Pois      52%          4%          1

Your spell library contained the following spells:

 Spells                   Type           Power        Failure   Level
 Poisonous Vapours        Pois/Air       24%          9%          2
 Ignite Poison            Fire/Tmut/Pois 12%          16%         3
 Mephitic Cloud           Conj/Pois/Air  9%           24%         3
 Olgreb's Toxic Radiance  Pois           17%          30%         4


Dungeon Overview and Level Annotations

Branches:
Dungeon (3/15)

Altars:


Innate Abilities, Weirdness & Mutations

You cannot wear most types of armour.
You are very stealthy in the water. (Stealth+)
You are amphibious.
You can wear up to eight rings at the same time.
You can use your tentacles to constrict eight enemies at once.
Your skin changes colour to match your surroundings (Stealth+).
Your rubbery body absorbs attacks. (AC +1, EV +1)


Message History

You continue taking off your +0 kite shield. x3
The ice beast hits you. The ice beast freezes you!
You continue taking off your +0 kite shield.
The ice beast hits you. The ice beast freezes you.
You finish taking off your +0 kite shield.
You see here a +0 hand axe.
Casting: Sting (safe; 4% risk of failure)
Confirm with . or Enter, or press ? or * to list all spells.
Okay, then.
As you read the scroll labelled VEUFUDWIOW, it crumbles to dust.
It is a scroll of amnesia.
Okay, then.
The ice beast hits you. The ice beast freezes you.
* * * LOW HITPOINT WARNING * * *
As you read the scroll labelled GENKENEZIF, it crumbles to dust.
You feel aware of your surroundings.
It was a scroll of magic mapping.
The ice beast hits you.
* * * LOW HITPOINT WARNING * * *
The ice beast freezes you!
You die...

#............#,,,,,,,,*
#............#,,,,,,,,*
#............#,,,,,,,,*******
####.........#,,,,,,,,',,,,,,
#.........#,,,,,,,,******,
#.........#********* *,**,
#......†..# ***###(**'
#.........# *,....(,,,
#........@#######......,,,
#.......÷.Y............,,,
#......................,,,
######.................,,,
############......,,,
*......,,, *#####'**' *,**,
*,,,,


You could see an ice beast.

Vanquished Creatures
  A bullfrog (D:3)
  Crazy Yiuf (D:2)
  An adder (D:3)
  An ooze (D:1)
  2 worms
  2 dart slugs (D:2)
  2 leopard geckos
  An orc (D:3)
  4 bats
  4 giant cockroaches
  4 goblins
  9 hobgoblins
  8 jackals (D:1)
  4 kobolds
  3 quokkas
  3 frilled lizards
  6 rats
56 creatures vanquished.

Notes
Turn   | Place    | Note
-------+----------+-------------------------------------------
     0 | D:1      | thiole the Octopode Venom Mage began the quest for the Orb.
     0 | D:1      | Reached XP level 1. HP: 11/11 MP: 3/3
    98 | D:1      | Reached XP level 2. HP: 17/17 MP: 0/5
   765 | D:1      | Reached skill level 1 in Fire Magic
   833 | D:1      | Reached skill level 4 in Poison Magic
   902 | D:1      | Reached XP level 3. HP: 21/21 MP: 6/6
  2044 | D:2      | Reached skill level 1 in Shields
  2563 | D:2      | Found a runed translucent door.
  2564 | D:2      | Noticed Crazy Yiuf
  2574 | D:2      | Killed Crazy Yiuf
  2575 | D:2      | Reached XP level 4. HP: 5/27 MP: 3/8
  2866 | D:3      | Noticed an ogre
  3014 | D:3      | Noticed a bullfrog
  3028 | D:3      | Killed a bullfrog
  3029 | D:3      | Reached skill level 1 in Air Magic
  3029 | D:3      | Reached XP level 5. HP: 10/31 MP: 3/9
  3868 | D:3      | Noticed an ice beast
  3883 | D:3      | Slain by an ice beast

Illustrated notes

Levels and vault maps discovered:
D:1:      eino_arrival_water_cross, layout_basic, patterned_corridor
D:2:      layout_basic, palyth_stone_intersect, uniq_crazy_yiuf_cottage
D:3:      layout_basic, serial_corexii_hall, corexii_hall_statues_l,
          chequers_hall_statues_corner_a

Skill      XL: |  1  2  3  4  5 |
---------------+----------------+-----
Fire Magic     | 1 2 |  2.0
Poison Magic   | 4 |  4.0
Shields        | 1 2 |  2.1
Transmutations | 2 |  2.0
Spellcasting   | 3 |  3.2
Air Magic      | 1 |  1.3
Dodging        | |  2.0
Stealth        | |  2.6

Action                   |  1- 3 |  4- 6 || total
-------------------------+-------+-------++-------
Melee: Unarmed           |     7 |       ||     7
       Constrict         |     4 |       ||     4
       Hunting sling     |     7 |       ||     7
       Tentacles         |     1 |       ||     1
 Fire: Hunting sling     |    52 |    32 ||    84
 Cast: Sting             |    54 |    21 ||    75
  Use: Scroll            |       |     2 ||     2
Armor: Skin              |     9 |       ||     9
Dodge: Dodged            |    27 |    11 ||    38
Block: Kite shield       |    10 |    10 ||    20
